AoeStats
← DM

Arena

505665562Analyzed
4v4 RM · 22d ago on Sep 10, 2026· 53m 50s· 8 players
Game mode
Random Map
Map size
Large (8 player)
Population
200
Speed
Normal
Resources
Standard
Victory
Conquest
Starting age
Dark Age
Ending age
Imperial Age
RankedLock teamsTeams togetherTeam positionsShared explorationLock speedFull tech treeHidden civsTurbo modeCheats
Victory
Defeat
🇹🇼 Inca · Taiwan
1047
+16
🇹🇼 Magyars · Taiwan
1033
+16
🇨🇳 Huns · China
1032
+17
🇨🇳 Khmer · China
993
+18
🇲🇽 Hindustanis · Mexico
1078
-18
🇷🇺 Britons · Russia
1065
-17
🇦🇺 Khmer · Australia
1017
-16
🇧🇷 Italians · Brazil
1013
-16
路過的黑貓
10:17 Feudal Age
14:31 Castle Age
12:36 Double-Bit Axe
12:43 Horse Collar
17:09 Bow Saw
20:14 Heavy Plow
21:28 Loom
22:21 Wheelbarrow
22:04 Gold Mining
28:15 Imperial Age
26:24 Hand Cart
26:14 Scale Mail Armor
27:01 Town Watch
27:06 Treadmill Crane
28:00 Chain Mail Armor
27:38 Champi Runner
28:19 Squires
28:36 Forging
29:30 Gold Shaft Mining
28:49 Stone Mining
28:20 Champi Warrior
29:01 Squires
29:34 Plate Mail Armor
28:28 Capped Ram
29:44 Fortified Wall
29:44 Siege Engineers
29:18 Elite Champi Warrior
30:35 Iron Casting
30:16 Fortified Wall
29:42 Siege Ram
30:52 Pikeman
31:58 Masonry
32:30 Fletching
33:22 Murder Holes
33:23 Halberdier
39:22 Fletching
38:54 Elite Skirmisher
40:36 Chemistry
41:01 Conscription
42:03 Bodkin Arrow
42:10 Padded Archer Armor
44:00 Bracer
44:02 Padded Archer Armor
47:56 Thumb Ring
48:09 Leather Archer Armor
50:31 Ring Archer Armor
51:01 Blast Furnace
saintOAO
10:39 Feudal Age
11:33 Loom
14:45 Castle Age
13:10 Double-Bit Axe
14:09 Stone Mining
16:03 Bow Saw
25:03 Gold Mining
27:37 Wheelbarrow
27:18 Horse Collar
30:45 Imperial Age
28:16 Fletching
29:23 Ballistics
29:27 Bodkin Arrow
29:33 Padded Archer Armor
30:26 Heavy Plow
31:07 Gold Shaft Mining
31:25 Leather Archer Armor
32:56 Hand Cart
33:02 Thumb Ring
34:09 Heavy Cavalry Archer
34:42 Heavy Cavalry Archer
36:33 Chemistry
35:55 Bracer
38:20 Parthian Tactics
38:34 Conscription
39:54 Ring Archer Armor
40:23 Recurve Bow
40:36 Scale Barding Armor
41:32 Siege Engineers
42:08 Corvinian Army
43:20 Elite Magyar Huszar
47:21 Chain Barding Armor
48:49 Caravan
49:55 Plate Barding Armor
49:35 Bloodlines
49:25 Husbandry
53:55 Murder Holes
53:40 Treadmill Crane
54:11 Masonry
55:06 Two-Man Saw
Doodo
9:41 Feudal Age
10:01 Loom
14:05 Castle Age
12:33 Double-Bit Axe
12:49 Horse Collar
15:27 Wheelbarrow
20:04 Bow Saw
22:25 Stone Mining
26:55 Gold Mining
28:43 Gold Shaft Mining
28:26 Hand Cart
27:57 Town Watch
28:52 Town Patrol
29:01 Scale Barding Armor
29:07 Forging
29:27 Heavy Plow
32:10 Imperial Age
30:23 Chain Barding Armor
30:49 Marauders
31:46 Iron Casting
31:41 Caravan
32:00 Bloodlines
31:54 Husbandry
33:17 Conscription
33:21 Elite Tarkan
36:24 Plate Barding Armor
36:50 Blast Furnace
35:20 Cavalier
40:15 Paladin
52:21 Two-Man Saw
51:15 Fletching
GUANJIANXIANSHENG
12:42 Feudal Age
15:47 Castle Age
18:30 Gold Mining
19:40 Stone Mining
19:43 Double-Bit Axe
22:05 Stone Shaft Mining
21:24 Horse Collar
22:08 Heavy Plow
22:22 Bow Saw
26:48 Imperial Age
27:39 Forging
27:35 Scale Barding Armor
28:18 Wheelbarrow
28:20 Gold Shaft Mining
28:17 Crop Rotation
29:45 Caravan
31:08 Elite Ballista Elephant
31:49 Double Crossbow
33:01 Iron Casting
32:47 Chain Barding Armor
32:38 Light Cavalry
33:28 Bloodlines
33:58 Husbandry
34:26 Hand Cart
36:23 Hussar
38:35 Blast Furnace
43:26 Chemistry
44:24 Plate Barding Armor
Rey de Copas
10:26 Feudal Age
14:14 Castle Age
13:10 Double-Bit Axe
13:10 Horse Collar
26:11 Ballistics
28:59 Imperial Age
27:12 Wheelbarrow
26:51 Grand Trunk Road
27:20 Fletching
27:30 Padded Archer Armor
27:34 Heavy Plow
27:51 Bow Saw
28:35 Hand Cart
28:36 Bodkin Arrow
30:47 Chemistry
30:11 Conscription
30:18 Bracer
30:46 Leather Archer Armor
30:58 Shatagni
37:55 Heavy Camel Rider
38:46 Bloodlines
38:37 Husbandry
40:27 Forging
40:23 Scale Barding Armor
42:08 Iron Casting
40:59 Imperial Camel Rider
42:58 Chain Barding Armor
44:28 Blast Furnace
43:10 Elite Skirmisher
44:18 Leather Archer Armor
45:15 Plate Barding Armor
47:17 Ring Archer Armor
HaweN
6:39 Loom
10:01 Feudal Age
15:51 Castle Age
14:25 Stone Mining
14:53 Double-Bit Axe
24:10 Horse Collar
27:12 Wheelbarrow
30:59 Imperial Age
28:45 Gold Mining
29:25 Padded Archer Armor
29:19 Town Watch
29:49 Bow Saw
29:45 Heavy Plow
31:14 Hand Cart
33:06 Chemistry
32:17 Fortified Wall
33:47 Ballistics
34:30 Stone Shaft Mining
34:40 Elite Genoese Crossbowman
36:28 Leather Archer Armor
36:03 Fletching
36:52 Town Patrol
38:57 Two-Man Saw
38:57 Pirotechnia
41:35 Ring Archer Armor
41:01 Bodkin Arrow
40:42 Pikeman
41:23 Squires
40:46 Onager
DM
7:30 Loom
10:21 Feudal Age
15:32 Castle Age
13:26 Double-Bit Axe
13:28 Horse Collar
17:15 Bow Saw
17:06 Heavy Plow
20:39 Wheelbarrow
21:07 Fletching
21:46 Stone Mining
23:04 Gold Mining
25:45 Town Watch
28:36 Imperial Age
26:16 Padded Archer Armor
26:40 Bodkin Arrow
27:15 Ballistics
27:32 Treadmill Crane
28:02 Masonry
29:01 Gold Shaft Mining
29:07 Hand Cart
29:27 Leather Archer Armor
30:17 Chemistry
29:19 Bracer
30:25 Conscription
31:01 Ring Archer Armor
30:32 Scale Mail Armor
30:42 Forging
30:18 Pikeman
30:58 Squires
30:54 Crossbowman
31:20 Arson
31:21 Gambesons
32:35 Yeomen
32:27 Town Watch
33:28 Chain Mail Armor
33:23 Forging
34:47 Elite Longbowman
37:49 Two-Man Saw
41:42 Plate Mail Armor
41:48 Iron Casting
42:00 Fortified Wall
Penguins1891
10:20 Feudal Age
14:27 Castle Age
12:27 Double-Bit Axe
12:47 Horse Collar
16:36 Wheelbarrow
18:49 Heavy Plow
19:58 Gold Mining
25:52 Imperial Age
23:58 Stone Mining
26:17 Bloodlines
27:10 Gold Shaft Mining
26:49 Husbandry
27:19 Bow Saw
28:51 Loom
29:48 Double Crossbow
29:39 Elite Battle Elephant
29:52 Heavy Scorpion
32:23 Chemistry
32:57 Stone Shaft Mining
33:11 Scale Barding Armor
33:17 Forging
38:42 Hand Cart
38:46 Light Cavalry
40:42 Conscription
41:00 Chain Barding Armor
41:16 Iron Casting
42:55 Tusk Swords
44:18 Plate Barding Armor
44:44 Blast Furnace
47:36 Pikeman
Connection lost

Rejoining the realm…

Still unreachable

The connection could not be restored.

Session expired

The server has moved on; the page needs a fresh start.